 Dungeon Crawl Stone Soup version 0.30-a0-845-g7c6808c8ce (webtiles) character file.

Game seed: 5147782278551469754

445 lunkers the Carver (level 7, -5/57 HPs)
             Began as a Meteoran Fighter on Feb 28, 2023.
             Was an Initiate of Ashenzari.
             Slain by an orc warrior
             ... wielding a +0 scimitar
              (12 damage)
             ... on level 5 of the Dungeon on Mar 2, 2023.
             The game lasted 00:06:56 (1717 turns).

lunkers the Carver (Meteoran Fighter)               Turns: 1717, Time: 00:06:57

Health: -5/57      AC:  6    Str: 18    XL:     7   Next: 48%
Magic:  8/8        EV:  9    Int: 10    God:    Ashenzari [......]
Gold:   158        SH: 10    Dex: 15    Spells: 6/6 levels left

rFire   . . .      SeeInvis .    a - +0 long sword
rCold   . . .      Faith    .    c - +0 buckler
rNeg    . . .      Spirit   .    b - +0 scale mail
rPois   +          Reflect  +    (no helmet)
rElec   .          Rampage  .    (no cloak)
rCorr   .                        (no gloves)
Will    .....                    (no boots) Stlth
                                 i - amulet of Ashenzari's Seeker {Reflect SH+5, Evo, Cun} (curse)
HPRegen 0.29/turn                e - ring of poison resistance
MPRegen 0.11/turn                (no ring)

@: mighty, glowing
A: sense surroundings 1, otherworldly, glowing, explore regen
a: Renounce Religion, Shatter the Chains


You were on level 5 of the Dungeon.
You worshipped Ashenzari.
Ashenzari was noncommittal.
You visited 2 branches of the dungeon, and saw 6 of its levels.

You collected 158 gold pieces.

Inventory:

Hand Weapons
 a - a +0 long sword (weapon)
Missiles
 s - a throwing net
Armour
 b - a +0 scale mail (worn)
 c - a +0 buckler (worn)
Jewellery
 e - a ring of poison resistance (left hand)
 i - the cursed amulet of Ashenzari's Seeker (around neck) {Reflect SH+5, Evo, Cun}
   (You found it on level 2 of the Dungeon)

   [amulet of reflection]

   It reflects blocked missile attacks.
   SH:        It affects your SH (+5).
   It has a curse which improves the following skills: Evocations: Evocations.
   Cunning:   Dodging and Stealth.
Wands
 r - a wand of charming (2)
Scrolls
 h - a scroll of blinking
 l - 3 scrolls of fear
Potions
 f - 4 potions of curing
 k - a potion of brilliance
 o - a potion of attraction {unknown}
 p - a potion of lignification {unknown}


   Skills:
 - Level 3.2 Fighting
 + Level 8.8 Long Blades
 - Level 3.6 Armour
 - Level 3.6 Shields


You had 6 spell levels left.
You didn't know any spells.
Your spell library contained the following spells:

 Spells                   Type           Power      Damage    Failure   Level
 Portal Projectile        Hex/Tloc       0%         N/A       99%         3
 Tukima's Dance           Hex            0%         N/A       99%         3
 Blade Hands              Tmut           0%         N/A       100%        5


Dungeon Overview and Level Annotations

Branches:
Dungeon (5/15) Zot: 1503   Temple (1/1) D:5 Zot: 342

Altars:
Ashenzari
Cheibriados
Elyvilon
Fedhas
Kikubaaqudgha
Qazlal
Sif Muna
Uskayaw
Vehumet
Yredelemnul
Zin

Annotations:
D:4 exclusion: statue


Innate Abilities, Weirdness & Mutations

You passively map a small area around you.
You are easily found by Zot.
You glow in the dark.
You regain HP and MP as you explore.


Message History

* * * LOW HITPOINT WARNING * * *
The howler monkey hoots and howls with incredible vigour!
You hear a shout!
You closely miss the howler monkey.
The howler monkey is heavily wounded.
The gnoll hits you from afar with a +0 spear.
* * * LOW HITPOINT WARNING * * *
You block the howler monkey's attack.
You are too injured to fight recklessly!
You hit the howler monkey but do no damage.
The howler monkey is heavily wounded.
You block the howler monkey's attack.
The gnoll hits you from afar with a +0 spear.
* * * LOW HITPOINT WARNING * * *
You closely miss the howler monkey.
The howler monkey is heavily wounded.
You block the howler monkey's attack. The gnoll closely misses you.
The howler monkey hoots and howls with incredible vigour!
Okay, then.
You feel very mighty all of a sudden.
The gnoll hits you from afar with a +0 spear.
* * * LOW HITPOINT WARNING * * *
The howler monkey hits you but does no damage.
You slash the howler monkey!
You kill the howler monkey!
The gnoll hits you from afar with a +0 spear.
* * * LOW HITPOINT WARNING * * *
The gnoll hits you with a +0 spear.
* * * LOW HITPOINT WARNING * * *
You see here a howler monkey corpse.
You hit the gnoll.
The gnoll is moderately wounded.
The gnoll hits you but does no damage.
Unknown command.
You slice the gnoll!!
You kill the gnoll!
You closely miss the orc warrior.
An orc comes into view. It is wielding a +0 dagger.
The orc warrior hits you with a +0 scimitar!
You die...

* , , #### # ##....###
, #####..##....
#.........#**, ,
#...#.#...###. ,
#..#@#)#...... *, ,
##.#o#.#.#.#... * *
###...#)>)#..#.#. *
#....#.#[#.#...$. , ,
#)##..#.#.#..#.[. , ,
,,* #)##...#.#...#*##
*, ##.##.........#
*,#.#####...#.##o##.#.#
#...<...#.#.........#


You could see an orc warrior and an orc.

Vanquished Creatures
  An ogre (D:3)
  A scorpion (D:4)
  A howler monkey (D:5)
  An orc priest (D:3)
  An iguana (D:4)
  An orc wizard (D:4)
  7 gnolls
  4 adders
  2 worms
  A dart slug (D:4)
  12 orcs
  5 ball pythons
  2 bats (D:2)
  4 endoplasms
  A giant cockroach (D:4)
  3 goblins
  2 hobgoblins
  4 jackals (D:3)
  4 quokkas
  2 frilled lizards
  9 kobolds
  2 rats
70 creatures vanquished.

Notes
Turn   | Place    | Note
-------+----------+-------------------------------------------
     0 | D:1      | lunkers the Meteoran Fighter began the quest for the Orb.
     0 | D:1      | Reached XP level 1. HP: 19/19 MP: 2/2
   119 | D:1      | Reached skill level 3 in Long Blades
   119 | D:1      | Reached XP level 2. HP: 26/26 MP: 3/3
   504 | D:2      | Reached XP level 3. HP: 27/31 MP: 4/4
   531 | D:2      | Reached skill level 4 in Long Blades
   714 | D:3      | Reached XP level 4. HP: 34/38 MP: 5/5
   770 | D:3      | Reached skill level 5 in Long Blades
   828 | D:3      | Found a broken altar of Ashenzari.
   850 | D:3      | Became a worshipper of Ashenzari the Shackled
   898 | D:3      | Noticed an ogre
   907 | D:3      | Killed an ogre
   908 | D:3      | Reached skill level 6 in Long Blades
   908 | D:3      | Reached XP level 5. HP: 40/45 MP: 6/6
   974 | D:3      | Reached XP level 6. HP: 27/51 MP: 7/7
   992 | D:4      | Reached skill level 7 in Long Blades
  1228 | D:4      | Reached skill level 8 in Long Blades
  1228 | D:4      | Reached XP level 7. HP: 40/57 MP: 8/8
  1266 | D:4      | Found a radiant altar of Vehumet.
  1364 | D:5      | Entered Level 5 of the Dungeon
  1376 | D:5      | Found a staircase to the Ecumenical Temple.
  1421 | Temple   | Entered the Ecumenical Temple
  1481 | Temple   | Upgraded the game from 0.30-a0-830-gfe289a77b0 to
                  | 0.30-a0-845-g7c6808c8ce
  1717 | D:5      | Slain by an orc warrior

Illustrated notes

Levels and vault maps discovered:
D:1:      nzn_arrival_water_spiral, layout_loops_corners,
          minmay_misc_feat_ornament
D:2:      layout_basic, serial_corexii_hall, chequers_hall_statues_y,
          chequers_hall_statues_y, dk_vineyard_1
D:3:      layout_basic, nicolae_overflow_crystal_walls
D:4:      layout_loops_ring, vehumet_statue, chequers_serial_rivers_micro_a
D:5:      layout_loops_cross, mainiacjoe_overflow_large_starburst,
          minmay_temple_entry_grid, uniq_sigmund
Temple:   grunt_temple_mini_profane

Skill      XL: |  1  2  3  4  5  6 |
---------------+-------------------+-----
Long Blades    | 3 4 6 8 |  8.8
Fighting       | |  3.2
Armour         | |  3.6
Shields        | |  3.6

Action                     |  1- 3 |  4- 6 |  7- 9 || total
---------------------------+-------+-------+-------++-------
  Melee: Long sword        |    58 |    95 |    66 ||   219
 Invoke: Curse Item        |       |       |     1 ||     1
    Use: Scroll            |       |       |     8 ||     8
         Potion            |       |       |     1 ||     1
 Armour: Scale mail        |    21 |    19 |    23 ||    63
  Dodge: Dodged            |    17 |    27 |    18 ||    62
  Block: Buckler           |    23 |    48 |    45 ||   116
         Reflection        |     1 |     2 |     2 ||     5

Table legend: (Time is in decaauts)
 A = Elapsed time spent in this place.
 B = Non-inter-level travel time spent in this place.
 C = Inter-level travel time spent in this place.
 D = Time resting spent in this place.
 E = Time spent auto-exploring this place.
 F = Levels seen in this place.
 G = Mean time per level.
                   A        B        C        D        E       F      G
               +--------+--------+--------+--------+--------+-----+--------+
         Total |   1753 |   1548 |    205 |      0 |   1069 |   6 |  292.2 |
       Dungeon |   1495 |   1351 |    144 |      0 |    896 |   5 |  299.0 |
        Temple |    258 |    197 |     61 |      0 |    173 |   1 |  258.0 |
               +--------+--------+--------+--------+--------+-----+--------+

Top non-repeatable levels by time:
     D:1: 454 daAuts
     D:4: 405 daAuts
     D:3: 282 daAuts
  Temple: 258 daAuts
     D:2: 256 daAuts
     D:5: 96 daAuts
